 Dungeon Crawl Stone Soup version 0.23.2-33-g5129a83184 (webtiles) character file.

Game seed: 14186456176195580950

193 smcx the Magician (level 5, 28/28 HPs)
             Began as a Deep Elf Fire Elementalist on July 16, 2019.
             Was a Follower of Trog.
             Quit the game on level 3 of the Dungeon on July 17, 2019.
             The game lasted 00:11:53 (2748 turns).

smcx the Magician (Deep Elf Fire Elementalist)      Turns: 2748, Time: 00:11:54

Health: 28/28      AC:  3    Str:  5    XL:     5   Next: 44%
Magic:  13/13      EV: 14    Int: 21    God:    Trog [*.....]
Gold:   178        SH:  0    Dex: 15    Spells: 3/13 levels left

rFire    + . .     SeeInvis .   q - +2 trident (protect)
rCold    + . .     Gourm    .   (no shield)
rNeg     . . .     Faith    .   a - +1 robe
rPois    .         Spirit   .   (no helmet)
rElec    .         Reflect  .   u - scarf {rC+ rF+}
rCorr    .         Harm     .   (no gloves)
MR       .....                  (no boots)
Stlth    ++........             (no amulet)
HPRegen  0.09/turn              (no ring)
MPRegen  0.13/turn              (no ring)

@: no status effects
A: no striking features
a: Berserk, Renounce Religion


You were on level 3 of the Dungeon.
You worshipped Trog.
Trog was aware of your devotion.
You were not hungry.

You visited 1 branch of the dungeon, and saw 3 of its levels.

You collected 178 gold pieces.

Inventory:

Hand Weapons
 d - a +0 dagger
 j - a +0 hunting sling
 q - a +2 trident of protection (weapon)
Armour
 a - a +1 robe (worn)
 u - a scarf of resistance (worn)
Scrolls
 b - 5 scrolls of identify
 e - a scroll of magic mapping {unknown}
 h - a scroll of enchant armour
 k - a scroll of random uselessness {unknown}
 l - 3 scrolls of teleportation
 n - a scroll of remove curse
 o - a scroll of fear {unknown}
Potions
 f - a potion of cancellation {unknown}
 g - 3 potions of heal wounds
 i - a potion of curing {unknown}
 m - a potion of berserk rage {unknown}
 p - a potion of mutation {unknown}
 r - a potion of ambrosia {unknown}
 t - 2 potions of degeneration {unknown}
Comestibles
 c - 6 rations
 s - a chunk of flesh


   Skills:
 + Level 4.0 Dodging
 - Level 2.4 Stealth
 - Level 4.5 Spellcasting
 - Level 3.5 Conjurations
 - Level 4.0 Fire Magic


You had 3 spell levels left.
You knew the following spells:

 Your Spells              Type           Power        Failure   Level  Hunger
a - Flame Tongue          Conj/Fire      ###..        2%          1    None
b - Throw Flame           Conj/Fire      ###...       3%          2    #......
c - Conjure Flame         Conj/Fire      ###.....     7%          3    ##.....
d - Sticky Flame          Conj/Fire      ###.....     24%         4    ####...

Your spell library contained the following spells:

 Spells                   Type           Power        Failure   Level  Hunger
 Inner Flame              Hex/Fire       ##......     16%         3    ##.....
 Fireball                 Conj/Fire      ###.......   54%         5    ######.


Dungeon Overview and Level Annotations

Branches:
Dungeon (3/15)

Altars:
Trog
The Shining One


Message History

Moving in this stuff is going to be slow.
You butcher the bat corpse.
s - a chunk of flesh You see here a bat skeleton. x2
You now have 178 gold pieces (gained 8).
There is a stone staircase leading down here.
c - 6 rations (gained 1)
A goblin comes into view.
The goblin shouts!
Found a glowing dark potion.
Unknown command.
Saving game... please wait.
Welcome back, smcx the Deep Elf Fire Elementalist.
Trog says: Kill them all!
Press ? for a list of commands and other information.
Saving game... please wait.
Welcome back, smcx the Deep Elf Fire Elementalist.
Trog says: Kill them all!
Press ? for a list of commands and other information.
Are you sure you want to abandon this character and quit the game? (Confirm with "yes".)

.... ##...##....#####
.###.
.............).......
# #
###...............###
####..####..#.....#
###...##..##.##..#..
..<..#....#..#..##.
.#...#..#....#..###
###..##.##..##..# #
#.@...#..####..##
#.....#...........##
#....##############
##.g. #.. #.! ##


You could see a goblin.

Vanquished Creatures
  An orc wizard (D:3)
  3 gnolls (D:3)
  6 adders
  2 oozes
  A worm (D:2)
  3 dart slugs
  2 leopard geckos
  5 orcs (D:3)
  7 bats
  7 giant cockroaches
  3 goblins
  8 hobgoblins
  5 frilled lizards
  5 kobolds
  9 rats
67 creatures vanquished.

Notes
Turn   | Place    | Note
-------+----------+-------------------------------------------
     0 | D:1      | smcx the Deep Elf Fire Elementalist began the quest for the
                  | Orb.
     0 | D:1      | Reached XP level 1. HP: 10/10 MP: 6/6
   206 | D:1      | Reached XP level 2. HP: 13/15 MP: 2/8
   917 | D:2      | Found a glowing golden altar of the Shining One.
   985 | D:2      | Reached XP level 3. HP: 16/19 MP: 7/10
  1106 | D:2      | Learned a level 2 spell: Throw Flame
  1110 | D:2      | Learned a level 3 spell: Conjure Flame
  1468 | D:2      | Reached XP level 4. HP: 11/24 MP: 4/11
  1743 | D:2      | Learned a level 4 spell: Sticky Flame
  2145 | D:3      | Reached XP level 5. HP: 28/28 MP: 4/13
  2641 | D:3      | Found a faded altar of an unknown god.
  2681 | D:3      | Became a worshipper of Trog the Wrathful
  2681 | D:3      | Reached * piety under Trog
  2748 | D:3      | Quit the game

Skill      XL: |  1  2  3  4  5 |
---------------+----------------+-----
Dodging        | 3 4 |  4.0
Conjurations   | 2 3 |  3.5
Spellcasting   | 4 |  4.5
Fire Magic     | 4 |  4.0
Stealth        | |  2.4

Action                   |  1- 3 |  4- 6 || total
-------------------------+-------+-------++-------
Melee: Trident           |       |     4 ||     4
 Cast: Flame Tongue      |    54 |    65 ||   119
       Throw Flame       |     2 |     4 ||     6
       Conjure Flame     |       |     3 ||     3
  Use: Potion            |     1 |       ||     1
       Scroll            |       |     3 ||     3
  Eat: Chunk             |     2 |     1 ||     3
       Ration            |       |     1 ||     1
Armor: Robe              |     4 |     9 ||    13
Dodge: Dodged            |    15 |    15 ||    30
